 Dungeon Crawl Stone Soup version bcrawl-1.36.4 (webtiles) character file.

Game seed: 8625903627157800801

250343 Mrkan the Chopper (level 6, -7/53 HPs)
             Began as a Minotaur Fighter on July 24, 2022.
             Was an Initiate of Qazlal.
             Mangled by an orc
             ... wielding a +0 morningstar
              (9 damage)
             ... on level 4 of the Dungeon.
             The game lasted 00:05:53 (2589 turns).

Mrkan the Chopper (Minotaur Fighter)                Turns: 2589, Time: 00:05:54

Health: -7/53      AC:  7    Str: 21    XL:     6   Next: 95%
Magic:  5/5        EV:  6    Int:  5    God:    Qazlal [......]
Gold:   171        SH: 10    Dex: 11    Spells: 5/5 levels left

rFire    . . .     SeeInvis .   a - +0 war axe
rCold    . . .     Gourm    .   c - +0 medium shield
rNeg     . . .     Faith    .   b - +0 scale mail
rPois    .         Spirit   .   (helmet restricted)
rElec    .         Reflect  .   (no cloak)
rCorr    .                      (no gloves)
MR       .....                  (no boots)
Stlth    ..........             (no amulet)
HPRegen  0.17/turn              (no ring)
MPRegen  0.09/turn              (no ring)

@: no status effects
A: retaliatory headbutt, horns 2
a: Renounce Religion


You were on level 4 of the Dungeon.
You worshipped Qazlal.
Qazlal was noncommittal.
You were not hungry.

You visited 1 branch of the dungeon, and saw 4 of its levels.

You collected 171 gold pieces.

Inventory:

Hand Weapons
 a - a +0 war axe (weapon)
Armour
 b - a +0 scale mail (worn)
 c - a +0 medium shield (worn)
 t - a +0 pair of gloves
Jewellery
 g - an uncursed ring of stealth {unknown}
 h - an uncursed ring of resist corrosion {unknown}
 v - a +1 ring of evasion {unknown}
Scrolls
 f - 3 scrolls of remove curse {unknown}
 i - 3 scrolls of identify
 k - a scroll of teleportation {unknown}
 m - a scroll of noise {unknown}
 o - a scroll of fear {unknown}
 s - 3 scrolls of fog {unknown}
 x - a scroll of blinking {unknown}
 y - a scroll of amnesia {unknown}
Potions
 d - a potion of might
 j - a potion of flight {unknown}
 l - 2 potions of heal wounds {unknown}
 n - a potion of berserk rage {unknown}
 p - a potion of mutation {unknown}
 q - 2 potions of brilliance {unknown}
 r - 2 potions of lignification {unknown}
 u - 2 potions of degeneration {unknown}
 z - a potion of curing
Comestibles
 e - 7 rations {!d}
 w - 2 chunks of flesh


   Skills:
 + Level 4.7 Fighting
 * Level 7.3 Axes
 - Level 3.9 Armour
 - Level 0.7 Dodging
 + Level 0.1 Stealth
 + Level 5.3 Shields


You had 5 spell levels left.
You didn't know any spells.
Your spell library was empty.

Dungeon Overview and Level Annotations

Branches:
Dungeon (4/12)
 Temple: D:4-7

Altars:
Hepliaklqana
Nemelex Xobeh
Qazlal
Sif Muna
Uskayaw
Zin

Shops:
D:4 %[


Innate Abilities, Weirdness & Mutations

You reflexively headbutt those who attack you in melee.
You have a pair of horns on your head.


Message History

You hit the ogre.
You headbutt the ogre, but do no damage.
The ogre is moderately wounded.
You hear a shout!
An orc comes into view. It is wielding a +0 club.
The ogre hits you with a +0 giant club!
The orc shouts!
You slash the ogre!
The ogre is almost dead.
The ogre hits you with a +0 giant club!
Your shield prevents you from hitting the ogre.
The ogre is almost dead.
An orc wizard comes into view. It is wielding a +0 dagger.
The ogre hits you with a +0 giant club!!
Ouch! That really hurt!
* * * LOW HITPOINT WARNING * * *
Your shield prevents you from hitting the ogre.
The ogre is almost dead.
You hit the orc. The orc hits you with a +0 morningstar!
You die...

.# #### #.# #..#
#.####..# #.......#
#.## #.=.....#
#....#.......######+#
#......@.....#.##.#.##
#.##.#.Oo$...........#
#..)....#.......#
#...o...#####...#
#.#.#.##.# ##.##
#.###..##.# #รท# #.#
#.#o##.# #.# ##
#.#.#.#.. #.# .# >
.... ##.####


You could see an ogre, an orc wizard and 2 orcs.

Vanquished Creatures
  Duvessa (D:4)
  A sky beast (D:4)
  Dowan (D:4)
  A hound (D:3)
  A bullfrog skeleton (D:4)
  2 iguanas
  A worker ant (D:4)
  3 adders
  2 oozes (D:3)
  2 adder skeletons
  A worm (D:3)
  A dart slug (D:2)
  2 leopard geckos
  5 orcs (D:3)
  A ball python (D:1)
  6 bats
  5 giant cockroaches
  12 goblins
  10 hobgoblins
  6 frilled lizards
  5 kobolds
  A quokka skeleton (D:3)
  4 rats
74 creatures vanquished.

Notes
Turn   | Place    | Note
-------+----------+-------------------------------------------
     0 | D:1      | Mrkan the Minotaur Fighter began the quest for the Orb.
     0 | D:1      | Reached XP level 1. HP: 19/19 MP: 0/0
   128 | D:1      | Reached XP level 2. HP: 27/27 MP: 1/1
   183 | D:1      | Reached skill level 3 in Axes
   671 | D:2      | Reached XP level 3. HP: 33/33 MP: 2/2
   755 | D:2      | Found a hide-covered altar of Uskayaw.
   788 | D:2      | Found a shimmering blue altar of Sif Muna.
  1277 | D:3      | Reached skill level 4 in Axes
  1277 | D:3      | Reached XP level 4. HP: 6/40 MP: 3/3
  1509 | D:3      | Reached XP level 5. HP: 26/46 MP: 4/4
  1668 | D:3      | Found a stormy altar of Qazlal.
  1677 | D:3      | Became a worshipper of Qazlal Stormbringer
  1755 | D:3      | Reached skill level 5 in Axes
  1765 | D:3      | Found a sparkling altar of Nemelex Xobeh.
  1800 | D:3      | Found a glowing silver altar of Zin.
  2053 | D:3      | Found a hazy altar of Hepliaklqana.
  2288 | D:4      | Found Uwiymi's Food Shop.
  2290 | D:4      | Noticed Duvessa
  2292 | D:4      | Noticed Dowan
  2303 | D:4      | Killed Duvessa
  2304 | D:4      | Reached skill level 6 in Axes
  2304 | D:4      | Reached XP level 6. HP: 35/53 MP: 5/5
  2307 | D:4      | Killed Dowan
  2477 | D:4      | Noticed a sky beast
  2488 | D:4      | Reached skill level 5 in Shields
  2488 | D:4      | Killed a sky beast
  2489 | D:4      | Reached skill level 7 in Axes
  2542 | D:4      | Found Pait's Antique Armour Emporium.
  2588 | D:4      | HP: 1/53 [ogre/+0 giant club (28)]
  2589 | D:4      | Mangled by an orc

Skill      XL: |  1  2  3  4  5  6 |
---------------+-------------------+-----
Axes           | 3 4 6 7 |  7.3
Shields        | 4 5 |  5.3
Fighting       | 4 |  4.7
Armour         | |  3.9
Dodging        | |  0.7
Stealth        | |  0.1

Action                   |  1- 3 |  4- 6 || total
-------------------------+-------+-------++-------
Melee: War axe           |   120 |    78 ||   198
       Headbutt          |    12 |    17 ||    29
  Use: Potion            |     1 |       ||     1
  Eat: Chunk             |     6 |     7 ||    13
Armor: Scale mail        |    83 |    25 ||   108
Dodge: Dodged            |    25 |    10 ||    35
Block: Medium shield     |    78 |    44 ||   122
